 Dungeon Crawl Stone Soup version 0.28-a0-1074-g3cb2360906 (webtiles) character file.

Game seed: 9976290642119840976

6300 BinkBink the Unseen (level 10, -2/78 HPs)
             Began as a Vampire Monk on Dec 8, 2021.
             Was the Champion of Jiyva.
             Slain by Snorg (15 damage)
             ... on level 10 of the Dungeon on Dec 9, 2021.
             The game lasted 00:14:00 (7029 turns).

BinkBink the Unseen (Vampire Monk)                  Turns: 7029, Time: 00:14:01

Health: -2/78      AC:  6    Str: 16    XL:     10   Next: 63%
Magic:  10/10      EV: 18    Int: 18    God:    Jiyva [******]
Gold:   433        SH:  0    Dex: 21    Spells: 9/9 levels left

rFire   + . .      SeeInvis +   g - +0 short sword (venom)
rCold   + + .      Faith    .   (no shield)
rNeg    + + +      Spirit   .   y - +2 robe of Filth {Int+3 SInv}
rPois   ∞          Reflect  .   r - +0 helmet
rElec   .          Harm     .   (no cloak)
rCorr   +          Rampage  .   z - +0 pair of gloves
Will    +....      Clarity  +   (no boots)
Stlth   +++++++++.              (no amulet)
HPRegen 1.60/turn               s - +6 ring of strength
MPRegen 0.62/turn               t - ring of protection from fire

@: bloodless, inhibited regen
A: bloodless, fangs 3, see invisible, vampiric 2, clarity, clever 1, robust 3,
wild magic 3, eyeballs 1, engulf
a: Bat Form, Revivify, Renounce Religion, Oozemancy, Slimify


You were on level 10 of the Dungeon.
You worshipped Jiyva.
Jiyva was exalted by your worship.
You visited 1 branch of the dungeon, and saw 10 of its levels.

You collected 433 gold pieces.

Inventory:

Hand Weapons
 a - a +0 short sword
 g - a +0 short sword of venom (weapon)
 q - a +2 dagger of draining
Armour
 r - a +0 helmet (worn)
 x - a +1 leather armour of willpower
 y - the +2 robe of Filth (worn) {Int+3 SInv}
   (You found it on level 6 of the Dungeon)

   Int:       It affects your intelligence (+3).
   SInv:      It lets you see invisible.
 z - a +0 pair of gloves (worn)
 F - a +0 cloak
 H - a +0 buckler
 J - +0 steam dragon scales
Jewellery
 s - a +6 ring of strength (left hand)
 t - a ring of protection from fire (right hand)
 C - a ring of magical power
 I - an amulet of regeneration
Wands
 l - a wand of iceblast (15)
 E - a wand of acid (8)
 G - a wand of flame (9)
Scrolls
 d - 2 scrolls of blinking {unknown}
 f - 2 scrolls of magic mapping {unknown}
 h - a scroll of immolation {unknown}
 k - 2 scrolls of summoning {unknown}
 m - 2 scrolls of identify {unknown}
 n - a scroll of brand weapon {unknown}
 p - 2 scrolls of enchant weapon {unknown}
 u - a scroll of torment {unknown}
 v - 5 scrolls of vulnerability {unknown}
 w - 2 scrolls of amnesia {unknown}
 B - 2 scrolls of teleportation {unknown}
Potions
 b - 3 potions of might {unknown}
 c - 2 potions of heal wounds {unknown}
 e - 4 potions of ambrosia {unknown}
 i - 5 potions of curing {unknown}
 j - a potion of attraction {unknown}
 o - 2 potions of brilliance {unknown}
 A - a potion of berserk rage {unknown}
 D - a potion of resistance
 K - a potion of lignification {unknown}
 L - a potion of mutation {unknown}


   Skills:
 + Level 3.8 Fighting
 + Level 11.1 Short Blades
 + Level 8.0 Dodging
 + Level 16.5 Stealth


You had 9 spell levels left.
You didn't know any spells.
Your spell library contained the following spells:

 Spells                   Type           Power      Damage    Failure   Level
 Animate Skeleton         Necr           0%         N/A       47%         1
 Magic Dart               Conj           0%         1d3       47%         1
 Pain                     Necr           0%         1d4       47%         1
 Call Imp                 Summ           0%         N/A       58%         2
 Corpse Rot               Necr/Air       0%         N/A       58%         2
 Mephitic Cloud           Conj/Pois/Air  0%         N/A       78%         3
 Summon Guardian Golem    Hex/Summ       0%         N/A       78%         3
 Vampiric Draining        Necr           0%         2d6       78%         3
 Dispel Undead            Necr           0%         3d6       98%         4
 Death Channel            Necr           0%         N/A       100%        6
 Orb of Destruction       Conj           0%         N/A       100%        7
 Spellforged Servitor     Conj/Summ      0%         N/A       100%        7


Dungeon Overview and Level Annotations

Branches:
Dungeon (10/15)            Temple (0/1) D:4
   Lair: D:8-11         Orc: D:9-12

Altars:
Elyvilon
Hepliaklqana
Okawaru
Trog
Vehumet
Zin
The Shining One
Jiyva

Shops:
D:1 =*

Annotations:
D:9 3 runed translucent doors, fly's ghost, journeyman FoDe; paps's ghost, novice DsFi
D:10 Snorg


Innate Abilities, Weirdness & Mutations

You do not regenerate when monsters are visible.
You are frail without blood (-20% HP).
You can heal yourself when you bite living creatures.
You are immune to poison.
You have razor-sharp teeth.
You have supernaturally acute eyesight. (SInv)
You are afflicted with vampirism and can become a bat while bloodless.
You possess an exceptional clarity of mind.
Your mind is acute. (Int +2)
You are extremely robust. (+30% HP)
Your spells are much harder to cast, but much more powerful.
Your body has grown eyes which may confuse attackers. (Acc +3)
Your melee attacks may engulf your foes in ooze.


Message History

Your Dodging skill increases to level 8!
Things that are here:
a +1 halberd of distortion; +0 steam dragon scales; the human corpse of Maggie J - +0 steam dragon scales You hear a distant slurping noise.
The helpless acid dragon fails to defend itself.
You bite the acid dragon, and draw its blood!
You skewer the acid dragon like a kebab!!!!
You kill the acid dragon!
K - a metallic coppery potion You open the door.
There is an open door here.
L - a silvery potion
There is an open door here.
You hear a distant slurping noise.
You hear a distant slurping noise.
Found a stone staircase leading down.
You hear a distant slurping noise.
A hound and an electric eel come into view.
You hear a distant slurping noise.
You swap places.
Found a stone staircase leading down.
You open the door.
There is an open door here.
You open the door.
Found 24 arrows.
There is an open door here.
There is an open door here.
Snorg the Insatiable comes into view.
Snorg shouts!
Found a stone staircase leading down.
Snorg goes berserk!
You hit Snorg.
Snorg is poisoned.
Your bite misses Snorg.
Snorg is lightly wounded.
Snorg bites you but does no damage. Snorg claws you. Snorg claws you!
You puncture Snorg!
Snorg looks as sick as possible!
Snorg is lightly wounded.
Snorg bites you! Snorg claws you! x2
* * * LOW HITPOINT WARNING * * *
Snorg bites you!
You die...

...............###
........###....#
.######## #....###
#......# #......#
#......# #......#
#......# +...@..#
#...T..# +......#
#......# #......#
#......# #..#####
... >...


You could see Snorg (berserk, extremely poisoned).

Vanquished Creatures
  A boulder beetle (D:7)
  Erica (D:10)
  Maggie (D:10)
  A troll (D:9)
  6 yaks (D:7)
  An acid dragon (D:10)
  A water moccasin (D:7)
  2 hornet zombies
  An orc warrior (D:7)
  An ice beast (D:6)
  2 black bears
  3 wolves (D:8)
  2 bullfrogs
  A scorpion (D:5)
  A gnoll sergeant (D:9)
  2 water moccasin skeletons (D:5)
  5 killer bees (D:8)
  5 wights (D:7)
  4 howler monkeys
  2 centaur zombies
  4 orc priests
  7 hounds
  A bullfrog skeleton (D:5)
  A gnoll shaman (D:6)
  An iguana (D:5)
  8 orc wizards
  Robin (D:3)
  A howler monkey skeleton (D:7)
  A howler monkey zombie (D:8)
  12 gnolls
  7 adders
  A white imp (D:5)
  2 ufetubi
  An adder skeleton (D:4)
  2 dart slugs (D:2)
  A worm (D:3)
  28 orcs
  2 bats (D:2)
  5 endoplasms
  A giant cockroach (D:3)
  13 goblins
  10 hobgoblins
  4 jackals (D:5)
  6 kobolds (D:3)
  A quokka (D:2)
  7 ball pythons
  3 frilled lizards
  7 rats
  A spectral orc (D:6)
  3 bushes (D:3)
185 creatures vanquished.

Vanquished Creatures (collateral kills)
  A two-headed ogre (D:6)
  Grum (D:8)
  An orc warrior (D:7)
  A wolf (D:8)
4 creatures vanquished.

Vanquished Creatures (others)
  A centaur (D:8)
  A killer bee (D:8)
  10 jellies
  A howler monkey (D:10)
  A bullfrog skeleton (D:5)
  A hound (D:10)
  A hound skeleton (D:4)
  An adder (D:3)
  A shadow imp (D:6)
  A worm (D:3)
  An endoplasm (D:3)
  2 orcs (D:4)
  A bat (D:2)
  2 goblins (D:2)
  A kobold (D:4)
  4 ball pythons
  2 frilled lizards (D:2)
  10 plants (D:3)
42 creatures vanquished.

Grand Total: 231 creatures vanquished

Notes
Turn   | Place    | Note
-------+----------+-------------------------------------------
     0 | D:1      | BinkBink the Vampire Monk began the quest for the Orb.
     0 | D:1      | Reached XP level 1. HP: 17/17 MP: 1/1
   168 | D:1      | Reached XP level 2. HP: 23/23 MP: 2/2
   332 | D:1      | Found Houlira's General Store.
   401 | D:1      | Found Ximmo's One-of-a-Kind Rings.
   572 | D:2      | Gained mutation: You are afflicted with vampirism and can
                  | become a bat while bloodless. [Vampire growth]
   572 | D:2      | Reached XP level 3. HP: 28/28 MP: 3/3
   878 | D:2      | Found a faded altar of an unknown god.
   895 | D:2      | Prayed at the altar of an unknown god.
   895 | D:2      | Became a worshipper of Jiyva Jeocw the Shapeless
   895 | D:2      | Reached * piety under Jiyva
   895 | D:2      | Reached ** piety under Jiyva
   923 | D:2      | Reached skill level 4 in Stealth
  1001 | D:2      | Reached *** piety under Jiyva
  1037 | D:2      | Reached skill level 5 in Stealth
  1037 | D:2      | Reached XP level 4. HP: 23/27 MP: 4/4
  1600 | D:3      | Gained mutation: Your body has grown eyes which may confuse
                  | attackers. (Acc +3) [Jiyva's grace]
  1600 | D:3      | Gained mutation: Your body has grown many eyes which may
                  | confuse attackers. (Acc +5) [Jiyva's grace]
  1600 | D:3      | Gained mutation: Your body is covered in eyes which may
                  | confuse attackers. (Acc +7, SInv) [Jiyva's grace]
  1600 | D:3      | Gained mutation: Your mind is acute. (Int +2) [Jiyva's
                  | grace]
  1668 | D:3      | Reached **** piety under Jiyva
  2057 | D:3      | Reached XP level 5. HP: 20/31 MP: 5/5
  2059 | D:3      | Reached skill level 6 in Stealth
  2061 | D:3      | Noticed Robin
  2142 | D:3      | Reached skill level 5 in Short Blades
  2344 | D:3      | Killed Robin
  2845 | D:4      | Reached ***** piety under Jiyva
  2941 | D:4      | Found a staircase to the Ecumenical Temple.
  2990 | D:4      | Reached XP level 6. HP: 36/36 MP: 6/6
  3052 | D:4      | Reached skill level 7 in Stealth
  3425 | D:5      | Entered Level 5 of the Dungeon
  3494 | D:5      | Gained mutation: Your melee attacks may engulf your foes in
                  | ooze. [Jiyva's grace]
  3494 | D:5      | Gained mutation: You are robust. (+10% HP) [Jiyva's grace]
  3494 | D:5      | Gained mutation: You are very robust. (+20% HP) [Jiyva's
                  | grace]
  3494 | D:5      | Gained mutation: You are extremely robust. (+30% HP)
                  | [Jiyva's grace]
  3515 | D:5      | Reached skill level 8 in Stealth
  3571 | D:5      | Reached XP level 7. HP: 51/56 MP: 7/7
  4040 | D:6      | Identified the +2 robe of Filth {Int+3 SInv}
  4070 | D:6      | Reached skill level 9 in Stealth
  4123 | D:6      | Found a radiant altar of Vehumet.
  4179 | D:6      | Noticed a two-headed ogre
  4234 | D:6      | Found a hazy altar of Hepliaklqana.
  4382 | D:6      | Reached skill level 10 in Stealth
  4476 | D:6      | Killed a two-headed ogre
  4477 | D:6      | Reached skill level 5 in Dodging
  4477 | D:6      | Reached skill level 11 in Stealth
  4477 | D:6      | Reached XP level 8. HP: 33/62 MP: 8/8
  4578 | D:6      | Found an iron altar of Okawaru.
  4578 | D:6      | Found a bloodstained altar of Trog.
  4706 | D:7      | Reached skill level 12 in Stealth
  4759 | D:7      | Reached XP level 9. HP: 67/68 MP: 9/9
  4775 | D:7      | Reached skill level 13 in Stealth
  4956 | D:7      | Reached skill level 14 in Stealth
  5010 | D:7      | Noticed a boulder beetle
  5039 | D:7      | Reached ****** piety under Jiyva
  5091 | D:7      | Reached skill level 10 in Short Blades
  5260 | D:7      | Killed a boulder beetle
  5261 | D:7      | Reached skill level 15 in Stealth
  5411 | D:8      | Lost mutation: Your body is covered in eyes which may
                  | confuse attackers. (Acc +7, SInv) [Jiyva's grace]
  5411 | D:8      | Lost mutation: Your body has grown many eyes which may
                  | confuse attackers. (Acc +5) [Jiyva's grace]
  5411 | D:8      | Gained mutation: You possess an exceptional clarity of
                  | mind. [Jiyva's grace]
  5411 | D:8      | Gained mutation: Your spells are a little harder to cast,
                  | but a little more powerful. [Jiyva's grace]
  5411 | D:8      | Gained mutation: Your spells are harder to cast, but more
                  | powerful. [Jiyva's grace]
  5411 | D:8      | Gained mutation: Your spells are much harder to cast, but
                  | much more powerful. [Jiyva's grace]
  5426 | D:8      | Reached XP level 10. HP: 74/74 MP: 10/10
  5713 | D:8      | Noticed Grum
  5737 | D:8      | Killed Grum
  5779 | D:8      | Reached skill level 16 in Stealth
  6416 | D:9      | Found a runed translucent gate.
  6416 | D:9      | Found a runed translucent gate.
  6416 | D:9      | Found a runed translucent gate.
  6725 | D:9      | Noticed fly's ghost (journeyman FoDe)
  6727 | D:9      | Noticed paps's ghost (novice DsFi)
  6850 | D:10     | Entered Level 10 of the Dungeon
  6850 | D:10     | Noticed Erica
  6850 | D:10     | Noticed Maggie
  6864 | D:10     | Killed Erica
  6883 | D:10     | Killed Maggie
  7021 | D:10     | Noticed Snorg
  7029 | D:10     | Slain by Snorg

Illustrated notes

Levels and vault maps discovered:
D:1:      onia_arrival_handbag, layout_rooms, serial_shops, shop_statue,
          chequers_jeans, minmay_misc_feat_rows, nicolae_shop_unique_rings
D:2:      layout_loops_corners, ebering_ecumenical_altar_mist, minmay_distorted
D:3:      layout_loops_corners, lexackson_kobold_supper, uniq_robin
D:4:      layout_basic, minmay_temple_entry_overgrown, st_stairs_9,
          small_statue_intersection
D:5:      layout_rooms
D:6:      layout_basic, grunt_temple_overflow_bloody_war,
          nicolae_hepliaklqana_monster_ancestors, vehumet_crystals,
          columned_hall_lemuel
D:7:      layout_rooms, minmay_misc_feat_columns
D:8:      layout_basic, serial_rivers, chequers_serial_rivers_marsh,
          chequers_serial_rivers_micro_d, chequers_serial_rivers_micro_c,
          chequers_serial_rivers_room_a, chequers_serial_rivers_marsh, uniq_grum
D:9:      layout_long_grid, good_gods_temple_1, gammafunk_ghost_cemetery
D:10:     layout_irregular_city, mainiacjoe_overflow_alcove_4, erik_lair_island,
          uniq_erica, uniq_maggie, uniq_snorg

Skill      XL: |  1  2  3  4  5  6  7  8  9 10 |
---------------+-------------------------------+-----
Short Blades   | 4 5 6 8 9 10 11 | 11.1
Stealth        | 5 6 8 11 12 15 16 | 16.5
Dodging        | 4 5 6 8 |  8.0
Fighting       | 3 |  3.8

Action                   |  1- 3 |  4- 6 |  7- 9 | 10-12 || total
-------------------------+-------+-------+-------+-------++-------
Melee: Short sword       |    57 |   299 |   246 |   169 ||   771
       Bite              |     3 |    43 |    43 |    31 ||   120
 Abil: Exsanguinate      |     1 |       |       |       ||     1
 Stab: Sleeping          |    16 |     9 |    12 |     3 ||    40
       Confused          |       |     9 |    13 |     3 ||    25
       Distracted        |       |     2 |     2 |       ||     4
Armor: Robe              |     5 |     9 |    11 |    21 ||    46
Dodge: Dodged            |    27 |    81 |   122 |   108 ||   338

Table legend: (Time is in decaauts)
 A = Elapsed time spent in this place.
 B = Non-inter-level travel time spent in this place.
 C = Inter-level travel time spent in this place.
 D = Time resting spent in this place.
 E = Time spent auto-exploring this place.
 F = Levels seen in this place.
 G = Mean time per level.
                   A        B        C        D        E       F      G
               +--------+--------+--------+--------+--------+-----+--------+
         Total |   6826 |   6527 |    299 |      0 |   4833 |  10 |  682.6 |
       Dungeon |   6826 |   6527 |    299 |      0 |   4833 |  10 |  682.6 |
               +--------+--------+--------+--------+--------+-----+--------+

Top non-repeatable levels by time:
     D:3: 1273 daAuts
     D:2: 1086 daAuts
     D:6: 739 daAuts
     D:9: 734 daAuts
     D:8: 685 daAuts
     D:7: 625 daAuts
     D:4: 575 daAuts
     D:5: 490 daAuts
     D:1: 442 daAuts
    D:10: 173 daAuts
